 Dungeon Crawl Stone Soup version 0.31-a0-844-gdc52ec4e09 (webtiles) character file.

Game seed: 16262869805903056886

35 CowFu the Cudgeller (level 3, 0/23 HPs)
             Began as a Gargoyle Monk on Oct 1, 2023.
             Killed from afar by Terence (6 damage)
             ... with a puff of flame
             ... on level 2 of the Dungeon.
             The game lasted 00:00:58 (674 turns).

CowFu the Cudgeller (Gargoyle Monk)                  Turns: 674, Time: 00:00:59

Health: 0/23       AC:  5    Str: 16    XL:     3   Next: 33%
Magic:  3/3        EV: 12    Int: 10    God:
Gold:   58         SH:  0    Dex: 12    Spells: 2/2 levels left

rFire   . . .        a - +0 mace
rCold   . . .        d - orb {light}
rNeg    + . .        b - +0 robe
rPois   ∞            (no helmet)
rElec   +            (no cloak)
rCorr   .            (no gloves)
SInv    .            (no boots)
Will    .....        (no amulet)
Stlth   +            (no ring)
HPRegen 0.23/turn    (no ring)
MPRegen 0.08/turn

%: no passive effects
@: glowing
A: sickness immunity, AC +3, negative energy resistance 1, electricity
resistance, torment resistance 1, petrification resistance
a: no special abilities


You were on level 2 of the Dungeon.
You visited 1 branch of the dungeon, and saw 2 of its levels.

You collected 58 gold pieces.

Inventory:

Hand Weapons
 a - a +0 mace (weapon)
Armour
 b - a +0 robe (worn)
 d - an orb of light (worn)
Jewellery
 p - a ring of positive energy
Scrolls
 f - a scroll of torment {unknown}
 g - a scroll of enchant armour {unknown}
 h - 3 scrolls of teleportation {unknown}
 j - a scroll of fear {unknown}
 k - 3 scrolls of identify {unknown}
 l - a scroll of noise {unknown}
 n - a scroll of poison {unknown}
Potions
 e - 2 potions of resistance {unknown}
 i - a potion of magic {unknown}
 m - a potion of attraction {unknown}
 o - a potion of invisibility {unknown}


   Skills:
 - Level 3.2 Fighting
 + Level 4.3 Maces & Flails
 - Level 2.4 Dodging


You had 2 spell levels left.
You didn't know any spells.
Your spell library was empty.

Dungeon Overview and Level Annotations

Branches:
Dungeon (2/15)

Altars:

Shops:
D:1 :*

Annotations:
D:2 Terence


Innate Abilities, Weirdness & Mutations

You are immune to sickness and miasma.
Your stone body is resilient. (AC +3)
You are immune to poison.
You resist negative energy. (rN+)
You are resistant to electric shocks. (rElec)
You are resistant to unholy torment.
You are immune to petrification.


Message History

There is a faded altar of an unknown god here.
This altar belongs to (a) Trog, (b) Lugonu or (c) Ru, but you can't tell which.
Press the corresponding letter to learn more about a god, or press enter to convert or escape to cancel.
Okay, then.
Unknown command.
Press < or > to pray at altars.
Unknown command.
Press < or > to pray at altars.
There is a faded altar of an unknown god here.
Terence the Incautious comes into view.
He is wielding a +2 hand axe of distortion and carrying a wand of flame.
Terence shouts!
Terence screams, "I'm going to kill you!"
Okay, then.
You hit Terence but do no damage.
Terence hits you with a +2 hand axe of distortion.
Space warps around you.
You are confused.
You feel invigorated.
Terence zaps a wand.
The puff of flame misses you.
You closely miss Terence. Terence completely misses you.
You bump into the rock wall.
Terence barely misses you. Terence attacks as he pursues you!
Terence barely misses you.
You sock Terence!
Terence is moderately wounded.
Terence closely misses you.
You hit Terence.
Terence is heavily wounded.
You feel less invigorated.
You feel less confused.
Terence zaps a wand.
The puff of flame hits you.
Terence zaps a wand.
The puff of flame misses you.
You hit Terence.
Terence is almost dead.
Terence hits you with a +2 hand axe of distortion.
Space warps around you.
You hit Terence but do no damage.
Terence is almost dead.
Terence hits you with a +2 hand axe of distortion!
* * * LOW HITPOINT WARNING * * *
You blink.
Terence zaps a wand.
The puff of flame hits you.
You die...

#.......+.. ......
#.......#.. ......
##..(....... .....
##...###+#... ....####
##....###.#... #.....
##......##.#..# +....
##...#...##.#...
#...####...##...##.##.#
#..@..@...###....#....#
###....._∩# #..#....###
#.......###..####.###
######...##..# #....
##...##.# #..##
##.....# ##.# ##...##
#.# ##..######.##
####........


You could see Terence.

Vanquished Creatures
  A gnoll (D:1)
  A dart slug (D:1)
  3 ball pythons
  4 endoplasms (D:1)
  A giant cockroach (D:1)
  5 goblins (D:1)
  2 hobgoblins (D:1)
  A bat (D:1)
  A frilled lizard (D:1)
  A kobold (D:1)
  A rat (D:1)
21 creatures vanquished.

Notes
Turn   | Place    | Note
-------+----------+-------------------------------------------
     0 | D:1      | CowFu the Gargoyle Monk began the quest for the Orb.
     0 | D:1      | Reached XP level 1. HP: 14/14 MP: 1/1
   182 | D:1      | Reached XP level 2. HP: 19/19 MP: 2/2
   262 | D:1      | Found Exaifameek's General Store.
   326 | D:1      | Reached skill level 4 in Maces & Flails
   379 | D:1      | Reached XP level 3. HP: 16/23 MP: 3/3
   561 | D:1      | Found Cekicw's Book Boutique.
   627 | D:2      | Found a faded altar of an unknown god.
   664 | D:2      | Noticed Terence
   674 | D:2      | Killed from afar by Terence

Illustrated notes

Levels and vault maps discovered:
D:1:      dpeg_arrival_round_a, layout_rooms, serial_shops, shop, shop
D:2:      layout_basic, hellmonk_ecumenical_altar_crossroads, uniq_terence,
          uniq_jessica

Skill      XL: |  1  2 |
---------------+-------+-----
Maces & Flails | 4 |  4.3
Fighting       | |  3.2
Dodging        | |  2.4

Action                     || total
---------------------------++-------
  Melee: Mace              ||    56
    Use: Potion            ||     1
 Armour: Robe              ||    27
  Dodge: Dodged            ||    40

Table legend: (Time is in decaauts)
 A = Elapsed time spent in this place.
 B = Non-inter-level travel time spent in this place.
 C = Inter-level travel time spent in this place.
 D = Time resting spent in this place.
 E = Time spent auto-exploring this place.
 F = Levels seen in this place.
 G = Mean time per level.
                   A        B        C        D        E       F      G
               +--------+--------+--------+--------+--------+-----+--------+
         Total |    685 |    660 |     25 |      0 |    519 |   2 |  342.5 |
       Dungeon |    685 |    660 |     25 |      0 |    519 |   2 |  342.5 |
               +--------+--------+--------+--------+--------+-----+--------+

Top non-repeatable levels by time:
     D:1: 609 daAuts
     D:2: 76 daAuts
